 Dungeon Crawl Stone Soup version 0.30-a0-1112-gfb780f5df6 (webtiles) character file.

Game seed: 4240642521335937174

10562 Jeffwins the Arsonist (level 11, -3/79 HPs)
             Began as a Human Wanderer on Apr 19, 2023.
             Was a Believer of Vehumet.
             Slain by a skyshark (16 damage)
             ... on level 3 of the Lair of Beasts.
             The game lasted 00:22:09 (13674 turns).

Jeffwins the Arsonist (Human Wanderer)             Turns: 13674, Time: 00:22:10

Health: -3/79      AC:  9    Str: 12    XL:     11   Next: 95%
Magic:  2/21       EV: 11    Int: 19    God:    Vehumet [**....]
Gold:   580        SH:  0    Dex: 11    Spells: 1/24 levels left

rFire   . . .      SeeInvis .    a - +2 sling (elec)
rCold   . . .      Faith    .    (no shield)
rNeg    . . .      Spirit   .    c - +0 leather armour
rPois   +          Reflect  .    A - +0 helmet
rElec   .          Rampage  .    (no cloak)
rCorr   .                        (no gloves)
Will    .....                    y - +0 pair of boots
Stlth   ++                       (no amulet)
HPRegen 0.33/turn                P - ring of poison resistance
MPRegen 0.17/turn                O - +4 ring of protection

@: very slightly contaminated
A: no striking features
a: Renounce Religion


You were on level 3 of the Lair of Beasts.
You worshipped Vehumet.
Vehumet was pleased with you.
You visited 3 branches of the dungeon, and saw 12 of its levels.

You collected 580 gold pieces.


   Skills:
 + Level 5.1 Fighting
 + Level 3.3 Throwing
 - Level 1.0 Dodging
 - Level 5.0 Stealth
 * Level 7.1 Spellcasting
 * Level 7.6 Conjurations
 * Level 3.2 Hexes
 * Level 3.2 Summonings
 * Level 8.5 Fire Magic
 * Level 7.1 Ice Magic
 + Level 4.8 Evocations


You had one spell level left.
You knew the following spells:

 Your Spells              Type           Power      Damage    Failure   Level
a - Flame Wave            Conj/Fire      37%        2d10      4%          4
f - Call Canine Familiar  Summ           19%        N/A       10%         3
v - Summon Mana Viper     Hex/Summ       19%        N/A       67%         5
x - Sticky Flame          Conj/Fire      37%        2d6       4%          4
z - Foxfire               Conj/Fire      100%       2x1d9     1%          1
X - Hailstorm             Conj/Ice       34%        3d9       1%          3
Y - Ignite Poison         Fire/Tmut/Pois 17%        N/A       12%         3

Your spell library contained the following spells:

 Spells                   Type           Power      Damage    Failure   Level
 Shock                    Conj/Air       84%        1d8       2%          1
 Summon Small Mammal      Summ           76%        N/A       3%          1
 Ozocubu's Armour         Ice            33%        N/A       1%          3
 Ensorcelled Hibernation  Hex/Ice        52%        N/A       2%          2
 Inner Flame              Hex/Fire       29%        N/A       3%          3
 Dazzling Flash           Conj/Hex       54%        N/A       4%          3
 Volatile Blastmotes      Fire/Tloc      44%        2d13      7%          3
 Summon Guardian Golem    Hex/Summ       19%        N/A       10%         3
 Summon Ice Beast         Ice/Summ       26%        N/A       16%         4
 Gell's Gravitas          Tloc           6%         N/A       36%         3
 Spider Form              Tmut/Pois      6%         N/A       36%         3
 Teleport Other           Tloc           6%         N/A       36%         3
 Anguish                  Hex/Necr       6%         N/A       54%         4
 Silence                  Hex/Air        6%         N/A       88%         5
 Agony                    Necr           6%         N/A       98%         5
 Ozocubu's Refrigeration  Ice            16%        4d11      99%         7
 Dispersal                Tloc           3%         N/A       100%        6
 Monstrous Menagerie      Summ           9%         N/A       100%        7

Inventory:

Hand Weapons
 a - a +2 sling of electrocution (weapon)
 u - a +2 mace of holy wrath
 F - a +1 dagger of venom
Missiles
 x - 5 poisoned darts
 C - a curare-tipped dart {=f}
Armour
 c - a +0 leather armour (worn)
 e - an orb of guile
 y - a +0 pair of boots (worn)
 A - a +0 helmet (worn)
Jewellery
 O - a +4 ring of protection (right hand)
 P - a ring of poison resistance (left hand)
 R - a ring of resist corrosion
Wands
 o - a wand of polymorph (4)
 s - a wand of roots (7)
 t - a wand of charming (10)
Scrolls
 d - 3 scrolls of fog
 g - 2 scrolls of identify {@r1}
 m - 3 scrolls of enchant weapon
 n - 4 scrolls of poison
 p - 2 scrolls of immolation {!r}
 r - 8 scrolls of teleportation {@r4}
 w - 3 scrolls of enchant armour
 E - 2 scrolls of vulnerability {!r}
Potions
 b - 3 potions of might
 h - 2 potions of brilliance {unknown}
 i - 3 potions of curing {@q1}
 j - 2 potions of flight {unknown}
 k - 2 potions of degeneration {unknown}
 l - a potion of magic
 q - a potion of resistance {unknown}
 v - 2 potions of ambrosia {unknown}
 z - a potion of cancellation
 B - 3 potions of lignification {unknown}
 D - a potion of mutation {unknown}
 G - 2 potions of berserk rage {unknown}

Dungeon Overview and Level Annotations

Branches:
Dungeon (8/15)             Temple (1/1) D:6            Lair (3/5) D:8
 Shoals (0/4) Lair:2
  Snake: Lair:2-3    Spider: Lair:2-3

Altars:
Ashenzari
Cheibriados
Dithmenos
Elyvilon
Fedhas
Gozag
Hepliaklqana
Kikubaaqudgha
Makhleb
Nemelex Xobeh
Okawaru
Ru
Sif Muna
Trog
Uskayaw
Vehumet
Wu Jian
Xom
Yredelemnul
Zin
The Shining One

#...............
....#P#.............
P#.####.P........#.....
.................. .......
.P#.†.......#.... #.>...
..††...#.##...... #....
.##..###.....#.#####P..##
#######P.....#.#.##.....##
##
##........@l.......##....
########.##.............
#.##.###.#....#......
#...........#.# #....
###......###### ..$
##....#[# . ########


You could see a skyshark (berserk, burning).


Message History

The skyshark resists with some effort.
The skyshark burns!
Unknown command.
Aiming: Charm
Press: ? - help, Shift-Dir - straight line, f/p - skyshark
Aim: a skyshark (heavily wounded, berserk, covered in liquid flames, chance to affect: 43%)
The skyshark resists with some effort.
The skyshark burns!
Unknown command.
Aiming: Charm
Press: ? - help, Shift-Dir - straight line, f/p - skyshark
Aim: a skyshark (severely wounded, berserk, covered in liquid flames, chance to affect: 43%)
The skyshark resists with some effort.
The skyshark burns!
The skyshark closely misses you. The skyshark barely misses you.
The skyshark tail-slaps you!
* * * LOW HITPOINT WARNING * * *
Unknown command.
Casting: Flame Wave (dangerous; 4% risk of failure)
Confirm with . or Enter, or press ? or * to list all spells.
Casting: Flame Wave (dangerous; 4% risk of failure)
Press: ? - help, Dir - look around, f - activate A wave of flame ripples out!
The flame wave engulfs the skyshark!
The skyshark is severely wounded. (Press . to intensify the flame waves.)
You hear a croak.
The skyshark burns!
The skyshark closely misses you. The skyshark tail-slaps you.
* * * LOW HITPOINT WARNING * * *
The skyshark tail-slaps you.
* * * LOW HITPOINT WARNING * * *
The skyshark bites you!
You die...

Skill      XL: |  1  2  3  4  5  6  7  8  9 10 11 |
---------------+----------------------------------+-----
Ice Magic      | 1 2 3 4 5 6 7 |  7.1
Stealth        | 1 2 3 4 5 |  5.0
Spellcasting   | 3 4 5 6 7 |  7.1
Conjurations   | 3 4 5 6 7 |  7.6
Fighting       | 2 3 4 5 |  5.1
Evocations     | 1 2 3 4 |  4.8
Fire Magic     | 5 6 7 8 |  8.5
Throwing       | 2 3 |  3.3
Hexes          | 3 |  3.2
Summonings     | 3 |  3.2
Dodging        | |  1.0

Action                     |  1- 3 |  4- 6 |  7- 9 | 10-12 || total
---------------------------+-------+-------+-------+-------++-------
  Melee: Club              |     1 |       |       |       ||     1
         Flail             |     6 |     3 |    56 |       ||    65
   Fire: Sling             |       |       |     3 |     7 ||    10
   Cast: Foxfire           |    88 |    90 |   206 |   222 ||   606
         Hailstorm         |       |     1 |    13 |     5 ||    19
         Sticky Flame      |       |       |     7 |    18 ||    25
         Call Canine Famil |       |       |       |     2 ||     2
         Flame Wave        |       |       |       |     2 ||     2
  Evoke: Wand              |       |     1 |     4 |     7 ||    12
    Use: Scroll            |       |     2 |     6 |     4 ||    12
         Potion            |       |       |     3 |     1 ||     4
 Armour: Robe              |     2 |       |       |       ||     2
         Leather armour    |     1 |     3 |    53 |    10 ||    67
  Dodge: Dodged            |    14 |     8 |    85 |    28 ||   135

Levels and vault maps discovered:
D:1:      dpeg_arrival_concentric_ovals, layout_basic
D:2:      minmay_angry_zag, layout_loops_corners, minivault_25,
          nrook_mini_vaults
D:3:      layout_basic, hellmonk_ecumenical_altar_pennies_from_heaven
D:4:      layout_basic, led_sif_pool, uniq_edmund, uniq_menkaure, uniq_natasha
D:5:      layout_loops_ring, uniq_prince_ribbit1
D:6:      layout_loops_corners, minmay_temple_entry_slanted, uniq_grinder
D:7:      layout_loops_corners, st_stairs_1, minmay_misc_feat_nine_boxes
D:8:      layout_cave_pools, fedhas_bush_and_centaur_altar, lair_entry_dummy,
          uniq_joseph
Temple:   nicolae_temple_bog_church
Lair:1:   layout_cave_pods, chequers_serial_rivers_marsh
Lair:2:   layout_gridlike, elwin_shoals_entry_rocks, serial_bayou,
          serial_bayou_pond_b, serial_bayou_ford_a, serial_bayou_pond_d,
          serial_bayou_shore_a
Lair:3:   layout_misc_corridors, guppyfry_snake_entry_garden, grunt_megastairs_4

Notes
Turn   | Place    | Note
-------+----------+-------------------------------------------
     0 | D:1      | Jeffwins the Human Wanderer began the quest for the Orb.
     0 | D:1      | Jeffwins set off with the following items: a +0 club, a
                  | potion of might, a +0 robe, a scroll of fog; and the
                  | following spells available to memorise: Foxfire, Shock,
                  | Inner Flame, Volatile Blastmotes, Hailstorm.
     0 | D:1      | Reached XP level 1. HP: 15/15 MP: 3/3
     2 | D:1      | Learned a level 1 spell: Foxfire
   530 | D:1      | Reached XP level 2. HP: 13/21 MP: 1/5
  1639 | D:2      | Reached XP level 3. HP: 26/26 MP: 1/6
  2648 | D:3      | Reached skill level 1 in Ice Magic
  2648 | D:3      | Reached XP level 4. HP: 32/32 MP: 0/7
  2998 | D:3      | Found a faded altar of an unknown god.
  3716 | D:4      | Noticed Menkaure
  3737 | D:4      | Killed Menkaure
  3738 | D:4      | Reached skill level 1 in Stealth
  3738 | D:4      | Reached skill level 3 in Spellcasting
  3738 | D:4      | Reached skill level 3 in Conjurations
  3738 | D:4      | Reached skill level 2 in Ice Magic
  3738 | D:4      | Reached XP level 5. HP: 38/38 MP: 3/9
  3738 | D:4      | Reached XP level 6. HP: 44/44 MP: 3/10
  3814 | D:4      | Noticed Edmund
  3816 | D:4      | Edmund changed into Edmund the kobold
  3816 | D:4      | Noticed Edmund
  3823 | D:4      | Killed Edmund the kobold
  3984 | D:4      | Learned a level 3 spell: Hailstorm
  4001 | D:4      | Noticed a black bear
  4014 | D:4      | Killed a black bear
  4015 | D:4      | Reached skill level 2 in Fighting
  4015 | D:4      | Reached skill level 1 in Evocations
  4153 | D:4      | Found a shimmering blue altar of Sif Muna.
  4475 | D:4      | Noticed Natasha
  4485 | D:4      | Killed Natasha
  4517 | D:4      | Noticed Natasha
  4520 | D:4      | Killed Natasha
  4643 | D:4      | Noticed Natasha
  4647 | D:4      | Killed Natasha
  4648 | D:4      | Reached skill level 5 in Fire Magic
  4648 | D:4      | Reached XP level 7. HP: 50/50 MP: 6/12
  4653 | D:5      | Entered Level 5 of the Dungeon
  5020 | D:5      | Reached skill level 2 in Stealth
  5181 | D:5      | Learned a level 4 spell: Flame Wave
  5186 | D:5      | Learned a level 4 spell: Sticky Flame
  5253 | D:5      | Noticed Prince Ribbit
  5276 | D:5      | Killed Prince Ribbit
  5277 | D:5      | Reached skill level 4 in Conjurations
  5277 | D:5      | Reached skill level 3 in Ice Magic
  5277 | D:5      | Reached XP level 8. HP: 57/57 MP: 4/13
  5682 | D:5      | Reached skill level 4 in Spellcasting
  5682 | D:5      | Reached skill level 2 in Evocations
  6083 | D:6      | Found a staircase to the Ecumenical Temple.
  6093 | Temple   | Entered the Ecumenical Temple
  6276 | Temple   | Became a worshipper of Vehumet
  6485 | D:6      | Noticed Grinder
  6494 | D:6      | Killed Grinder
  6495 | D:6      | Reached skill level 3 in Stealth
  6613 | D:6      | Reached skill level 3 in Fighting
  6613 | D:6      | Reached skill level 4 in Ice Magic
  6978 | D:6      | Reached skill level 6 in Fire Magic
  6978 | D:6      | Reached XP level 9. HP: 59/63 MP: 9/15
  7264 | D:6      | Reached skill level 5 in Conjurations
  7798 | D:7      | HP: 3/64 [something (11)]
  8020 | D:7      | Reached skill level 3 in Evocations
  8435 | D:7      | Reached skill level 5 in Spellcasting
  8836 | D:7      | Reached * piety under Vehumet
  8836 | D:7      | Offered knowledge of Magic Dart by Vehumet.
  9211 | D:8      | Reached skill level 5 in Ice Magic
  9535 | D:8      | Reached skill level 4 in Stealth
  9543 | D:8      | Reached XP level 10. HP: 71/71 MP: 3/18
  9550 | D:8      | Reached skill level 6 in Conjurations
  9550 | D:8      | Reached skill level 7 in Fire Magic
  9652 | D:8      | Reached skill level 4 in Fighting
  9652 | D:8      | Reached skill level 1 in Throwing
  9801 | D:8      | Noticed Joseph
  9917 | D:8      | Joseph changed into Joseph the raiju
  9917 | D:8      | Noticed Joseph
 10113 | D:8      | Found a staircase to the Lair.
 10161 | D:8      | Found a blossoming altar of Fedhas.
 10338 | D:8      | Joseph the raiju changed into Joseph the harpy
 10338 | D:8      | Noticed Joseph
 10344 | D:8      | Killed Joseph the harpy
 10709 | Lair:1   | Entered Level 1 of the Lair of Beasts
 10709 | Lair:1   | Noticed an oklob plant
 10721 | Lair:1   | Killed an oklob plant
 10722 | Lair:1   | Reached skill level 6 in Spellcasting
 10722 | Lair:1   | Reached skill level 4 in Evocations
 10817 | Lair:1   | Noticed a komodo dragon
 10827 | Lair:1   | Killed a komodo dragon
 10828 | Lair:1   | Reached skill level 2 in Throwing
 10828 | Lair:1   | Reached skill level 6 in Ice Magic
 10888 | Lair:1   | Noticed a cane toad
 10894 | Lair:1   | Killed a cane toad
 10973 | Lair:1   | Noticed a rime drake
 10980 | Lair:1   | Killed a rime drake
 10986 | Lair:1   | Learned a level 3 spell: Call Canine Familiar
 10992 | Lair:1   | Learned a level 5 spell: Summon Mana Viper
 11179 | Lair:1   | Noticed a black mamba
 11184 | Lair:1   | Killed a black mamba
 11184 | Lair:1   | Reached ** piety under Vehumet
 11296 | Lair:1   | Noticed a black mamba
 11304 | Lair:1   | Killed a black mamba
 11304 | Lair:1   | Offered knowledge of Static Discharge by Vehumet.
 11305 | Lair:1   | Reached XP level 11. HP: 78/78 MP: 9/20
 11515 | Lair:1   | Reached skill level 7 in Conjurations
 11515 | Lair:1   | Reached skill level 1 in Hexes
 11515 | Lair:1   | Reached skill level 1 in Summonings
 11788 | Lair:1   | Reached skill level 5 in Stealth
 12073 | Lair:2   | Reached skill level 8 in Fire Magic
 12116 | Lair:2   | Reached skill level 2 in Hexes
 12124 | Lair:2   | Reached skill level 2 in Summonings
 12312 | Lair:2   | Found a staircase to the Shoals.
 12429 | Lair:2   | Reached skill level 3 in Throwing
 12590 | Lair:2   | Reached skill level 5 in Fighting
 12746 | Lair:2   | Noticed a catoblepas
 12768 | Lair:2   | Killed a catoblepas
 13136 | Lair:2   | Reached skill level 7 in Spellcasting
 13192 | Lair:2   | Reached skill level 7 in Ice Magic
 13418 | Lair:3   | Offered knowledge of Ignite Poison by Vehumet.
 13419 | Lair:3   | Reached skill level 3 in Summonings
 13472 | Lair:3   | Learned a level 3 spell: Ignite Poison
 13513 | Lair:3   | Reached skill level 3 in Hexes
 13662 | Lair:3   | Noticed a skyshark
 13674 | Lair:3   | Slain by a skyshark

Vanquished Creatures
  A catoblepas (Lair:2)
  A harpy (D:8)
  An oklob plant (Lair:1)
  3 black mambas
  6 cane toads
  A komodo dragon (Lair:1)
  A rime drake (Lair:1)
  A hornet (Lair:2)
  Grinder (D:6)
  Prince Ribbit (D:5)
  7 blink frogs
  3 yaks (D:8)
  2 wyverns
  A steam dragon (D:7)
  Menkaure (D:4)
  6 water moccasins
  3 black bears
  A sky beast (D:6)
  An orc warrior (D:7)
  An ogre (D:7)
  3 centaurs (D:8)
  A kobold brigand (D:8)
  7 bullfrogs
  4 scorpions
  2 electric eels (Lair:2)
  A jelly (D:6)
  7 hounds
  An orc priest (D:8)
  An iguana (D:6)
  3 sleepcaps
  Natasha (thrice) (D:4)
  7 orc wizards
  8 adders
  A shadow imp (D:6)
  4 white imps
  2 dart slugs
  2 worms
  22 orcs
  2 ball pythons
  7 endoplasms
  3 giant cockroaches
  6 goblins
  7 hobgoblins
  2 jackals (D:2)
  4 quokkas
  2 bats
  A frilled lizard (D:1)
  13 kobolds
  7 rats
176 creatures vanquished.

Vanquished Creatures (collateral kills)
  6 foxfires
6 creatures vanquished.

Vanquished Creatures (others)
  1065 foxfires
  5 fungi (Lair:3)
  16 plants
1086 creatures vanquished.

Grand Total: 1268 creatures vanquished

Table legend: (Time is in decaauts)
 A = Elapsed time spent in this place.
 B = Non-inter-level travel time spent in this place.
 C = Inter-level travel time spent in this place.
 D = Time resting spent in this place.
 E = Time spent auto-exploring this place.
 F = Levels seen in this place.
 G = Mean time per level.
                   A        B        C        D        E       F      G
               +--------+--------+--------+--------+--------+-----+--------+
         Total |  13800 |  13386 |    414 |    164 |  11502 |  12 | 1150.0 |
       Dungeon |  10589 |  10268 |    321 |    164 |   8720 |   8 | 1323.6 |
        Temple |    215 |    174 |     41 |      0 |    156 |   1 |  215.0 |
          Lair |   2995 |   2943 |     52 |      0 |   2625 |   3 |  998.3 |
               +--------+--------+--------+--------+--------+-----+--------+

Top non-repeatable levels by time:
     D:7: 1669 daAuts
     D:6: 1605 daAuts
     D:2: 1429 daAuts
  Lair:2: 1407 daAuts
     D:5: 1344 daAuts
  Lair:1: 1313 daAuts
     D:8: 1311 daAuts
     D:1: 1211 daAuts
     D:3: 1029 daAuts
     D:4: 988 daAuts
  Lair:3: 274 daAuts
  Temple: 215 daAuts

Table legend:
 A = Non-vault XP
 B = Vault XP
 C = Vault XP percentage of total XP
 D = Non-vault monster count
 E = Vault monster count
 F = Vault count percentage of total count
                 A         B        C        D         E       F
            +---------+---------+-------+---------+---------+-------
      Total |   12808 |    2281 |  15.1 |     159 |      17 |   9.7
            +---------+---------+-------+---------+---------+-------
        D:1 |      18 |       0 |   0.0 |      11 |       0 |   0.0
        D:2 |      32 |       9 |  22.0 |      17 |       5 |  22.7
        D:3 |      57 |       0 |   0.0 |      18 |       0 |   0.0
        D:4 |     217 |     220 |  50.3 |       7 |       3 |  30.0
        D:5 |     540 |     274 |  33.7 |      17 |       1 |   5.6
        D:6 |     682 |     281 |  29.2 |      17 |       1 |   5.6
        D:7 |     591 |     316 |  34.8 |      14 |       3 |  17.6
        D:8 |    1519 |     757 |  33.3 |      28 |       2 |   6.7
     Lair:1 |    3737 |       0 |   0.0 |      10 |       0 |   0.0
     Lair:2 |    4171 |     424 |   9.2 |      16 |       2 |  11.1
     Lair:3 |    1244 |       0 |   0.0 |       4 |       0 |   0.0
            +---------+---------+-------+---------+---------+-------
